[Event "*** Titled Tuesday Blitz"]
[Site "Chess.com"]
[Date "2020.05.05"]
[Round "1"]
[White "vaishali2001"]
[Black "Kaua18"]
[Result "1-0"]
[WhiteElo "2619"]
[BlackElo "2298"]
[TimeControl "180+1"]
[EndTime "10:08:52 PDT"]
[Termination "vaishali2001 won by checkmate"]

1. c4 c5 2. Nc3 Nc6 3. g3 g6 4.
Bg2 Bg7 5. Nf3 d6 6. d3 e5 7. O-O Nge7 8. Ne1 O-O 9. Nc2 Be6 10.
Ne3 Rb8 11. a3 a5 12. Ned5 Nd4 13. Rb1 b5 14. e3 bxc4 15. exd4 exd4 16. Nxe7+ Qxe7 17. Nd5 Bxd5 18. Bxd5 c3 19. Qc2 cxb2 20. Rxb2 Rxb2 21.
Bxb2 Re8 22. Bc1 h5 23. h4 Be5 24. Re1 Qd7 25. Kg2 Rb8 26. Bg5 Qf5 27. Be4 Qg4 28. Bf3 Qe6 29. Bf4 Qb3 30. Qxb3 Rxb3 31. Bxe5 dxe5 32.
Rxe5 Rxd3 33. Rxc5 Rxa3 34. Rd5 Ra4 35. Rd7 d3 36. Rxd3 Rb4 37. Ra3 Rb5 38. Be2 Rc5 39. Kf3 Kg7 40. Ke4 Rf5 41. f3 Rf6 42. Rxa5 Re6+ 43.
Kd3 Rd6+ 44. Ke4 Re6+ 45. Re5 Rd6 46. Ke3 f6 47. Re7+ Kh6 48. Bd3 Rb6 49. Bc4 g5 50. Bd3 gxh4 51. gxh4 f5 52. Bxf5 Rb3+ 53. Bd3 Rb7 54.
Re6+ Kg7 55. Re5 Kh6 56. Kf4 Re7 57. Rf5 Rd7 58. Be4 Re7 59. Ke3 Ra7 60. f4 Ra3+ 61. Bd3 Ra1 62. Kd4 Rh1 63. Rf7 Rxh4 64. Rh7# 1-0

[Event "*** Titled Tuesday Blitz"]
[Site "Chess.com"]
[Date "2020.05.05"]
[Round "1"]
[White "FROGGY64"]
[Black "Sychev_Klementy"]
[Result "0-1"]
[WhiteElo "2455"]
[BlackElo "2903"]
[TimeControl "180+1"]
[EndTime "10:08:54 PDT"]
[Termination "Sychev_Klementy won by checkmate"]

1. d4 Nf6 2. c4 g6 3. f3 Nc6 4. e4 e5 5. d5 Nd4 6. Nc3 c5 7. Nh3 d6 8. Nf2 Bg7 9. Be2 O-O 10. O-O Nh5 11. Nd3 Qe8 12. f4 Nxf4 13. Nxf4 exf4 14. Bxf4 Be5 15. Bh6 Bd7 16. Qd2 Qe7 17.
Bg5 f6 18. Bh6 Rf7 19. Rae1 Kh8 20. Bf4 Re8 21. Bd1 a6 22. a4 Rb8 23. Bxe5 Qxe5 24. a5 Kg7 25. Na4 Bxa4 26. Bxa4 b6 27. axb6 Rxb6 28. Rf2 Rfb7 29. Qc3 Rxb2 30. Rxb2 Rxb2 31.
Qh3 Qf4 32. Qd7+ Kh6 33. Qh3+ Kg5 34. Kh1 Rf2 35. Rg1 h5 36. Bd1 Rf1 37. Bf3 Rxg1+ 38. Kxg1 Qe3+ 39. Kf1 Nc2 40. Qg3+ Kh6 41. Be2 Qxg3 42.
hxg3 a5 43. Bd1 Ne3+ 44. Ke1 Nxd1 45. Kxd1 Kg5 46. Kc2 Kg4 47. Kb3 Kxg3 48. Ka4 Kxg2 49. Kxa5 h4 50. Kb6 h3 51. Kc6 h2 52. Kxd6 h1=Q 53. Kc7 Qh7+ 54. Kc6 Qe7 55. d6 Qxe4+ 56. Kc7 Qe5 57. Kc6 f5 58. d7 Qb8 59. Kxc5 Qc7+ 60.
Kd5 Qxd7+ 61. Ke5 Qc7+ 62. Kd5 f4 63. c5 f3 64. c6 f2 65. Kc5 f1=Q 66. Kb4 Qff4+ 67.
Ka3 Qcd6+ 68. Kb3 Qfb4+ 69. Kc2 Qdd2# 0-1

[Event "*** Titled Tuesday Blitz"]
[Site "Chess.com"]
[Date "2020.05.05"]
[Round "1"]
[White "LiamPutnam2008"]
[Black "Quaternitychess"]
[Result "0-1"]
[WhiteElo "2538"]
[BlackElo "2270"]
[TimeControl "180+1"]
[EndTime "10:08:54 PDT"]
[Termination "Quaternitychess won by checkmate"]

1. d4 d5 2. c4 e5 3. dxe5 d4 4.
Nf3 Nc6 5. a3 Nge7 6. g3 Ng6 7.
Bg2 Ngxe5 8. Nxe5 Nxe5 9. O-O Be7 10. Bf4 Ng6 11. Bd2 O-O 12. e3 Bf6 13. exd4 Qxd4 14. Bc3 Qxd1 15. Rxd1 Ne5 16. Nd2 Bg4 17. f3 Be6 18.
Bf1 Rad8 19. Kg2 Nd7 20. Ne4 Bxc3 21. Nxc3 c6 22. Kf2 f5 23. Rd6 Nc5 24. Rad1 Rxd6 25. Rxd6 Kf7 26. b4 Nd7 27. f4 Ke7 28. c5 a5 29. Ne2 axb4 30. axb4 Nf6 31. Rd4 Ra8 32. Bg2 Ra2 33. Ke1 Rb2 34. h3 g6 35. Bf3 Bd5 36.
Kf2 Bxf3 37. Kxf3 Nd5 38. g4 Rb3+ 39. Kf2 Rxb4 40. gxf5 gxf5 41. Kf3 Rb3+ 42. Kg2 Kf6 43. Ra4 Rb2 44. Kf1 Rxe2 45. Ra8 Rb2 46. Rf8+ Kg6 47.
Rg8+ Kf7 48. Rg5 Kf6 49. Rh5 Nxf4 50. Rxh7 Ne6 51. h4 Nxc5 52. h5 Ne4 53. h6 Kg6 54.
Rh8 Rh2 55. Rg8+ Kf6 56. Rh8 Ke5 57. h7 Kf4 58. Kg1 Rh6 59. Kg2 c5 60. Kf1 b5 61.
Ke2 c4 62. Kd1 Rh2 63. Kc1 Ke3 64. Kb1 f4 65. Kc1 f3 66. Rb8 Rxh7 67. Rxb5 Rh1+ 68. Kc2 Rh2+ 69. Kc1 f2 70. Rf5 c3 71. Kc2 f1=Q+ 72. Rf2 Rxf2+ 73. Kb3 Qb5+ 74. Ka3 Qb2+ 75. Ka4 Rf8 76.
Ka5 Ra8# 0-1

[Event "*** Titled Tuesday Blitz"]
[Site "Chess.com"]
[Date "2020.05.05"]
[Round "1"]
[White "davidkalashian"]
[Black "semchik73"]
[Result "1/2-1/2"]
[WhiteElo "2535"]
[BlackElo "2207"]
[TimeControl "180+1"]
[EndTime "10:08:54 PDT"]
[Termination "Game drawn - insufficient material"]

1. d4 d5 2. Nf3 c6 3. c4 Nf6 4. Qc2 g6 5. g3 Bf5 6. Qb3 Qc8 7. Bg2 Bg7 8. Nc3 O-O 9. O-O dxc4 10.
Qxc4 Nbd7 11. Re1 Nb6 12. Qb3 Ne4 13. Nh4 Be6 14. Qc2 Nd6 15. Nf3 Nf5 16. Rd1 Rd8 17.
e3 c5 18. dxc5 Qxc5 19. Ng5 Bc4 20. Nge4 Qc7 21. Bd2 Bd5 22. Be1 Bc6 23. Rac1 Rac8 24. a3 Qb8 25. Qe2 Bxc3 26. Bxc3 Nd5 27. Ba5 b6 28.
Be1 Qe5 29. Nc3 Nxc3 30. Bxc3 Qb5 31. Qxb5 Bxb5 32. e4 Nd4 33. Bxd4 Rxc1 34. Rxc1 Rxd4 35. h4 Rc4 36. Rxc4 Bxc4 37. f4 f6 38. Kf2 e5 39.
Ke3 Kf7 40. Bh3 Ke7 41. f5 gxf5 42. Bxf5 h6 43. Bh3 Kd6 44. b4 a5 45. Kf3 axb4 46. axb4 Kc6 47. Bc8 Kb5 48. Kg4 Kxb4 49. Kh5 Kc5 50.
Kxh6 b5 51. Bd7 b4 52. Ba4 b3 53. Kg7 b2 54. Bc2 Kd4 55. h5 Bd3 56. h6 Bxc2 57. h7 b1=Q 58. h8=Q Qb7+ 59. Kxf6 Qc6+ 60. Kg5 Qxe4 61.
Qd8+ Qd5 62. Qb6+ Ke4 63. Qb4+ Qd4 64. Qe1+ Kd5 65. Qh1+ Be4 66. Qc1 Qf2 67. g4 Qf3 68.
Qd2+ Qd3 69. Qa5+ Kd4 70. Qb6+ Kc4 71. Qc7+ Kb3 72. Qxe5 Qd5 73. Qxd5+ Bxd5 74. Kf6 Kc4 75. g5 Be4 76. g6 Bxg6 1/2-1/2

[Event "*** Titled Tuesday Blitz"]
[Site "Chess.com"]
[Date "2020.05.05"]
[Round "1"]
[White "Mili_Brizzi"]
[Black "Sam_ChessMood"]
[Result "0-1"]
[WhiteElo "2441"]
[BlackElo "2864"]
[TimeControl "180+1"]
[EndTime "10:08:56 PDT"]
[Termination "Sam_ChessMood won by resignation"]

1. d4 Nf6 2. c4 e6 3. g3 Bb4+ 4. Bd2 Be7 5. Bg2 d5 6. Nf3 O-O 7. O-O Nbd7 8. Qc2 Ne4 9. Nc3 Nxd2 10. Nxd2 c6 11. e4 dxe4 12. Ndxe4 f5 13. Nd2 e5 14. dxe5 Nxe5 15. Rad1 Qc7 16. Rfe1 Bf6 17. Ne2 Bd7 18. Nd4 g6 19. N2f3 Rae8 20. b3 Bc8 21. Re2 Nxf3+ 22. Nxf3 Kg7 23. Rde1 Bd7 24. h4 Rxe2 25.
Rxe2 Re8 26. Ng5 Rxe2 27. Qxe2 Qd6 28. Bf3 Qe7 29. Qd2 h6 30. Nh3 g5 31. hxg5 hxg5 32. Bh5 Be6 33. f4 g4 34. Ng5 Bg8 35. Kg2 c5 36. Kh2 Bd4 37. Qd3 b6 38. Qd2 a5 39. Kg2 a4 40. Kh2 a3 41. Kg2 Qb7+ 42. Kh2 Qd7 43. Kg2 Qe7 44. Kh2 Qe3 45. Qxe3 Bxe3 46. Be8 Bd4 47. Bd7 Kf6 48. Kg2 Bc3 49. Bc6 Be1 50. Bb7 b5 51. Ba6 b4 52. Bb5 Ke7 53.
Ba6 Bc3 54. Bb5 Bf6 55. Kf2 Kf8 56. Ke3 Bd4+ 57. Ke2 Kg7 58. Ba6 Bf6 59. Ke3 Kg6 60. Bb5 Bxg5 61. Be8+ Kf6 62. fxg5+ Kxg5 63. Bb5 Bf7 64. Ba6 Be6 65. Bb5 Bc8 66. Bc6 Ba6 67. Bd5 Bc8 68. Bf7 Bd7 69. Bd5 Bc8 70. Bf7 Kf6 71. Bd5 Ke5 72. Bg8 Be6 73. Bh7 Bxc4 0-1

[Event "*** Titled Tuesday Blitz"]
[Site "Chess.com"]
[Date "2020.05.05"]
[Round "1"]
[White "mrkvoz"]
[Black "BasilSmash"]
[Result "1/2-1/2"]
[WhiteElo "2809"]
[BlackElo "2433"]
[TimeControl "180+1"]
[EndTime "10:08:57 PDT"]
[Termination "Game drawn by repetition"]

1. e4 c6 2. Nc3 d5 3. Nf3 Bg4 4. h3 Bxf3 5. Qxf3 Nf6 6. g3 e6 7. Bg2 Bc5 8. O-O O-O 9. Rd1 Bd4 10. d3 Nbd7 11. Qe2 b5 12. Nb1 Qc7 13. Kh2 a5 14. f4 dxe4 15. dxe4 e5 16. f5 a4 17. c3 Bb6 18. g4 Nc5 19. g5 Ne8 20. Be3 Nd7 21.
Nd2 Nd6 22. Nf1 Rad8 23. Ng3 Bxe3 24. Qxe3 Nc4 25. Qe2 Nc5 26. f6 g6 27. h4 Ne6 28.
b3 Nf4 29. Qf2 Nb6 30. Ne2 a3 31. Nxf4 exf4 32. Bf3 c5 33. Kg2 Qe5 34. Qc2 h6 35. Rxd8 Rxd8 36. Rd1 Rd7 37. Rxd7 Nxd7 38. Qd3 Nf8 39. gxh6 b4 40. cxb4 cxb4 41. h5 Qxf6 42. Qe2 Qh4 43. e5 g5 44. Qe4 Qg3+ 45. Kf1 g4 46.
h7+ Nxh7 47. Bh1 f3 48. h6 Qh2 49. Bxf3 gxf3 50. Qxf3 Qxh6 51. Qa8+ Kg7 52. Qe4 Qg6 53. Qxb4 Qb1+ 54. Kf2 Qxa2+ 55. Ke3 Qb2 56. Qg4+ Kf8 57.
Qc8+ Kg7 58. Qg4+ Kh6 59. Qh4+ Kg6 60. Qe4+ Kg7 61. Qg4+ 1/2-1/2

[Event "*** Titled Tuesday Blitz"]
[Site "Chess.com"]
[Date "2020.05.05"]
[Round "1"]
[White "Mesa_1"]
[Black "okriak"]
[Result "1/2-1/2"]
[WhiteElo "2442"]
[BlackElo "2821"]
[TimeControl "180+1"]
[EndTime "10:09:03 PDT"]
[Termination "Game drawn by repetition"]

1. d4 d5 2. Nf3 Nf6 3. g3 Bg4 4. Ne5 Bf5 5. c4 c6 6. cxd5 cxd5 7.
Nc3 e6 8. f3 Nbd7 9. Qb3 Qb6 10.
Nxd7 Nxd7 11. e4 dxe4 12. fxe4 Bg6 13. Bb5 Rd8 14. Bg5 Be7 15. Bxe7 Kxe7 16. O-O-O a6 17. Qa3+ Qd6 18. Qxd6+ Kxd6 19. Bxd7 Rxd7 20. Rhe1 Ke7 21. d5 Rc8 22. dxe6 Rxd1+ 23. Rxd1 Kxe6 24. Rd4 Rc7 25. Kd2 Ke5 26. Rd5+ Ke6 27. Rd4 Rc8 28. a4 f6 29. Rb4 Rc7 30. Ke3 Be8 31. Nd5 Rf7 32.
Rb6+ Bc6 33. Nb4 Kd6 34. Nxc6 bxc6 35. b4 Ra7 36. b5 axb5 37. axb5 Kc5 38. Rxc6+ Kxb5 39. Re6 Kc5 40. Re8 Kd6 41. Rh8 h6 42. h4 Ke6 43. Kf4 Ra1 44. Re8+ Kf7 45. Rb8 Rf1+ 46. Kg4 Re1 47. Kf4 h5 48. Rb5 Rf1+ 49. Ke3 Kg6 50. Ke2 Ra1 51. Kf3 Re1 52. Rb4 Rc1 53.
Ke3 Rc3+ 54. Kf4 Kh6 55. Rb6 Rc5 56. Re6 Kg6 57. Ra6 Rb5 58. Rc6 Ra5 59. Rb6 Ra4 60.
Rc6 Kh6 61. Rb6 Ra5 62. Rc6 Rb5 63. Ra6 Kh7 64. Rc6 Rb1 65. Ra6 Re1 66. Ra5 Kg6 67. Ra6 Rf1+ 68. Ke3 Kh7 69. Ra7 Kh6 70. Ra6 g6 71. Rb6 f5 72. exf5 Rxf5 73. Ra6 Rf1 74. Rb6 Kg7 75. Ra6 Kf7 76. Rb6 Ra1 77. Rc6 Rb1 78. Ra6 Rb3+ 79. Kf2 Rc3 80. Ra7+ Kf6 81.
Ra6+ Kf5 82. Kg2 Rc2+ 83. Kh3 Rc5 84. Ra4 g5 85. hxg5 Kxg5 86. Rh4 Rc1 87. Ra4 Rc5 88. Rf4 Ra5 89. Rb4 Kf5 90. Rc4 Kg6 91. Rb4 Rc5 92.
Ra4 Rc1 93. Ra6+ Kg5 94. Ra5+ Kf6 95. Ra6+ Kg7 96. Ra7+ Kg6 97. Ra6+ Kf7 98. Ra7+ Kf6 99. Ra6+ Kg7 100. Ra7+ Kh6 101. Ra6+ Kg5 102. Ra5+ Kg6 103. Ra6+ 1/2-1/2

[Event "*** Titled Tuesday Blitz"]
[Site "Chess.com"]
[Date "2020.05.05"]
[Round "1"]
[White "SaqoChess_Twitch"]
[Black "GM_Levan_Pantsulaia"]
[Result "1/2-1/2"]
[WhiteElo "2406"]
[BlackElo "2759"]
[TimeControl "180+1"]
[EndTime "10:09:05 PDT"]
[Termination "Game drawn by repetition"]

1. d4 Nf6 2. c4 c5 3. d5 g6 4.
Nc3 Bg7 5. Nf3 O-O 6. g3 e6 7. Bg2 exd5 8. cxd5 d6 9. O-O Re8 10. Nd2 a6 11. a4 Nbd7 12. Nc4 Nb6 13. Na3 Bd7 14.
a5 Nc8 15. Nc4 Bb5 16. Qd3 Nd7 17. Bf4 Qe7 18. b3 g5 19. Be3 Ne5 20. Qf5 h6 21. Nxe5 Qxe5 22. Qxe5 Bxe5 23. Rfc1 Na7 24. Ra2 Bd7 25.
Na4 Nb5 26. Nb6 Rad8 27. Nc4 Bg7 28. Rac2 Bf5 29. Rd2 Bc3 30. Ra2 Bb4 31. Bf3 g4 32.
Bg2 Nc3 33. Rb2 h5 34. Bf1 Nb5 35. Bd2 Be4 36. Bxb4 cxb4 37. Rd2 Nc3 38. Nb6 Re7 39. Rd4 Bg6 40. e3 Rc7 41. Re1 Rc5 42. Rxb4 Rxa5 43. Nc4 Rb5 44. Rxb5 axb5 45. Nb6 b4 46. Ra1 Be4 47. Ra5 Re8 48. Bb5 Re7 49. Bc4 Rc7 50. Ra8+ Kg7 51. Rd8 Rc5 52. Rxd6 Ra5 53. f4 gxf3 54.
g4 Ra1+ 55. Kf2 Ra2+ 56. Kg3 Rg2+ 57. Kf4 Rxg4+ 58. Ke5 f2 59. Nd7 Bg2 60. Nf6 Rxc4 61. bxc4 f1=Q 62. Nxh5+ Kf8 63. Nf6 Qe1 64. Rd8+ Kg7 65.
Rg8+ Kh6 66. Ng4+ Kh5 67. Nf6+ Kh4 68. Rh8+ Kg5 69. Rg8+ Kh6 70. Ng4+ Kh7 71. Nf6+ Kh6 1/2-1/2

[Event "*** Titled Tuesday Blitz"]
[Site "Chess.com"]
[Date "2020.05.05"]
[Round "1"]
[White "Majesth"]
[Black "sergoy"]
[Result "1/2-1/2"]
[WhiteElo "2450"]
[BlackElo "2858"]
[TimeControl "180+1"]
[EndTime "10:09:07 PDT"]
[Termination "Game drawn by stalemate"]

1. d4 Nf6 2. Nc3 d5 3. Bf4 a6 4. Nf3 e6 5. e3 c5 6. Ne5 b5 7. a3 Bb7 8. Nd3 Nbd7 9. b4 cxd4 10. exd4 Ne4 11. Nxe4 dxe4 12. Nc5 Bd5 13. Be2 Be7 14. O-O O-O 15. c3 Nxc5 16. bxc5 Qa5 17. Qd2 Rfd8 18. Qb2 Bc6 19. Rfd1 Rd7 20. Qb4 Qd8 21. Be5 Rd5 22.
c4 bxc4 23. Bxc4 Rd7 24. Qb6 Qxb6 25. cxb6 Bd8 26. Rab1 Rb7 27. Rdc1 Bd7 28. d5 Rxb6 29. dxe6 Bxe6 30. Rxb6 Bxb6 31. Bxe6 fxe6 32. Rc6 Ba7 33. g4 Rf8 34. Bg3 e3 35. fxe3 Bxe3+ 36. Kg2 a5 37.
Rxe6 Bc5 38. Re5 Rc8 39. a4 Bb4 40. Re2 Rc3 41. Ra2 h6 42. h3 Rd3 43. Bf2 Kh7 44.
Ra1 Kg6 45. Ra2 h5 46. gxh5+ Kxh5 47. Bg3 g5 48. Bh2 Kg6 49. Bg3 Kf5 50. Rf2+ Kg6 51. Ra2 Rb3 52. Kf2 Bc3 53. Kg2 Kf5 54. Rf2+ Ke6 55. Re2+ Kd5 56. Rf2 Ke4 57. Re2+ Kd3 58. Rf2 Bd2 59. Rf3+ Kc4 60. Rxb3 Kxb3 61. Kf3 Kxa4 62.
Bc7 Kb3 63. Bxa5 Bxa5 64. Kg4 Bd8 65. h4 gxh4 66. Kh3 Kc4 67. Kg2 Kd3 68. Kh1 Ke2 69. Kg1 Ke1 70. Kh1 Kf1 71. Kh2 Bg5 72. Kh1 Kf2 73.
Kh2 Kf3 74. Kh1 Kg3 75. Kg1 Bf4 76. Kh1 Kh3 77. Kg1 Kg3 78. Kh1 Kf2 1/2-1/2

[Event "*** Titled Tuesday Blitz"]
[Site "Chess.com"]
[Date "2020.05.05"]
[Round "1"]
[White "SONOFHOLYGOD"]
[Black "DishonorOnYourCow"]
[Result "1/2-1/2"]
[WhiteElo "2624"]
[BlackElo "2319"]
[TimeControl "180+1"]
[EndTime "10:09:09 PDT"]
[Termination "Game drawn by repetition"]

1. d4 Nf6 2. c4 g6 3. Nc3 d5 4.
cxd5 Nxd5 5. Nf3 Bg7 6. g3 Nxc3 7. bxc3 c5 8. Bg2 O-O 9. O-O cxd4 10. cxd4 Nc6 11.
Be3 Bg4 12. Rb1 Bxf3 13. Bxf3 Nxd4 14. Bxb7 Rb8 15. Bxd4 Qxd4 16. e3 Qxd1 17. Rfxd1 Rfd8 18. Ba6 Rxd1+ 19. Rxd1 Rb6 20. Bc4 Rb7 21. Rd8+ Bf8 22. h4 h5 23. Rc8 Kg7 24. Kg2 e6 25. Kf3 Bd6 26. Bb3 Rc7 27. Rd8 Be7 28. Rb8 Bc5 29.
Rd8 Be7 30. Rd3 Kf6 31. Ke2 Bb4 32. e4 Ke7 33. e5 Rc3 34. Rd4 Bc5 35. Rc4 Rxc4 36.
Bxc4 Bb6 37. f4 Bd4 38. Kf3 Bc5 39. Be2 Bd4 40. Ke4 Bf2 41. Kf3 Be1 42. Kg2 Bd2 43. Kf1 Be3 44. Bf3 Bd2 45. a4 Bc3 46. Be2 Bd2 47. Bb5 Bc3 48. Kf2 Bd2 49. Be2 Bc1 50. Kf3 Bd2 51. g4 hxg4+ 52. Kxg4 Be3 53. Kf3 Bc1 54. Ke4 Bd2 55. h5 gxh5 56. Bxh5 f6 57. Be2 Bc3 58. exf6+ Kxf6 59. Kd3 Ba5 60. Ke4 Bc7 61.
Bc4 Bb6 62. Bb5 Bc7 63. Bc6 Bb8 64. Kf3 Bc7 65. Kg4 Bb6 66. Be4 Ba5 67. f5 exf5+ 68. Bxf5 Ke7 69. Bc2 Kd6 70. Kf4 Kc5 71. Ke4 Kb4 72.
Bd1 Kc5 73. Kd3 Kb6 74. Kc4 Bd2 75. Kb3 Be1 76. Bc2 Ba5 77. Kb2 Be1 78. Bb3 Ba5 79. Kc2 Bb4 80. Kc1 Bd6 81. Kd1 Ka5 82. Ke2 Bb4 83.
Bd1 Bd6 84. Kd3 Bc7 85. Kd4 Bb6+ 86. Kd5 Kb4 87. Kc6 Ka5 88. Kb7 Bd4 89. Kc6 Bb6 90. Kd5 Bg1 91. Kc4 Bb6 92. Bb3 Bg1 93. Bc2 Bb6 94. Kd5 Bg1 95. Ke4 Bb6 96. Kf4 Bg1 97. Ke5 Bb6 98. Kd5 Bg1 99. Ke4 Bb6 100. Kd3 Bc7 101. Ke2 Bb6 102. Kf1 Bc5 103. Bd1 Bb4 104. Kg2 Bc5 105. Kg3 Bb6 106. Kf3 Bc5 107. Kf4 Bb4 108. Ke4 Bf8 109. Ke5 Bb4 110. Ke6 Be1 111. Kd7 Bb4 112. Kc6 Bd2 113. Kb7 Be3 114. Ka8 Bb6 115. Kb7 Be3 116. Kc6 Bb6 1/2-1/2

[Event "*** Titled Tuesday Blitz"]
[Site "Chess.com"]
[Date "2020.05.05"]
[Round "1"]
[White "nadirsm"]
[Black "cukus"]
[Result "1/2-1/2"]
[WhiteElo "2144"]
[BlackElo "2506"]
[TimeControl "180+1"]
[EndTime "10:09:14 PDT"]
[Termination "Game drawn - insufficient material"]

1. d4 Nf6 2. f4 d5 3. e3 c5 4. Nf3 Nc6 5. c3 g6 6. Bd3 Bg7 7. O-O Bf5 8. Qe2 Bxd3 9. Qxd3 O-O 10. Nbd2 e6 11. dxc5 a5 12. Rb1 Ne7 13. Ne5 Qc7 14.
Qb5 Rfc8 15. Nd3 Ne4 16. Nxe4 dxe4 17. Nf2 f5 18. Qc4 Nd5 19. b4 Bxc3 20. a3 axb4 21.
axb4 Ra4 22. Nh3 Rxb4 23. Rxb4 Bxb4 24. Ng5 Qxc5 25. Qxc5 Bxc5 26. Nxe6 Bxe3+ 27. Bxe3 Nxe3 28. Rb1 Rc2 29. g3 Ng4 30. h3 Nh2 31. Rxb7 Nf3+ 32.
Kf1 e3 33. Rb8+ Kf7 34. Ng5+ Nxg5 35. fxg5 Ke6 36. Re8+ Kd5 37. Rxe3 Rc7 38. Kf2 Kd4 39. Kf3 Ra7 40. Rb3 Ke5 41. Rb5+ Ke6 42. Rb4 Ra3+ 43.
Kf4 Ra7 44. Rb6+ Kf7 45. Rb5 Re7 46. h4 Re4+ 47. Kf3 Re7 48. Rb6 Kg7 49. Rb4 h6 50.
gxh6+ Kxh6 51. Rb6 Ra7 52. Kf4 Ra4+ 53. Kf3 Kh5 54.
Rc6 Ra3+ 55. Kf4 Ra4+ 56. Kf3 Rb4 57. Rc8 Kh6 58. Rh8+ Kg7 59. Rc8 Ra4 60. Rc7+ Kf6 61. Rc5 Kg7 62. Rc6 Rb4 63. Ke3 Kh6 64. Rc8 Rb3+ 65.
Kf4 Rb4+ 66. Kf3 Rd4 67. Rc3 Kg7 68. Rb3 Kf6 69. Rc3 Ke5 70. Rc5+ Rd5 71. Rxd5+ Kxd5 72. Kf4 Ke6 73. Kg5 Kf7 74. h5 gxh5 75. Kxf5 h4 76. gxh4 Kg7 77. Kg5 Kh7 78. h5 Kg7 79. h6+ Kh8 80. Kg4 Kg8 81. Kg3 Kh7 82. Kg2 Kxh6 1/2-1/2

[Event "*** Titled Tuesday Blitz"]
[Site "Chess.com"]
[Date "2020.05.05"]
[Round "1"]
[White "DivyaDeshmukh23"]
[Black "Sashadav97"]
[Result "0-1"]
[WhiteElo "2396"]
[BlackElo "2760"]
[TimeControl "180+1"]
[EndTime "10:09:20 PDT"]
[Termination "Sashadav97 won by checkmate"]

1. e4 c5 2. Nf3 Nc6 3. d4 cxd4 4. Nxd4 Nf6 5. Nc3 d6 6. Bg5 e6 7. Qd2 a6 8. O-O-O Bd7 9. f3 Nxd4 10. Qxd4 Be7 11.
h4 b5 12. a3 h6 13. Be3 h5 14. Kb1 Rb8 15. Bg5 a5 16. e5 dxe5 17. Qxe5 O-O 18. Bd3 b4 19. axb4 axb4 20. Bxf6 Bxf6 21. Qxh5 g6 22. Bxg6 fxg6 23. Qxg6+ Bg7 24. Ne4 Rb7 25. h5 Rf6 26. Nxf6+ Qxf6 27. Qxf6 Bxf6 28. g4 Bc6 29. g5 Be5 30. Rhe1 Rb5 31. Rd8+ Kf7 32. g6+ Ke7 33. Rc8 Bxf3 34. Rxe5 Rxe5 35. g7 Re1+ 36. Ka2 Bd5+ 37. b3 e5 38. h6 Rh1 39. Rh8 Kf6 40. Rd8 Bf7 41. g8=Q Bxg8 42. Rxg8 Rxh6 43. Rg4 Kf5 44. Rxb4 e4 45. Kb2 Kf4 46. Kc3 Kf3 47. Rb8 e3 48.
Rf8+ Ke2 49. b4 Rc6+ 50. Kb2 Kd1 51. Rd8+ Ke1 52. b5 Rc5 53. Rb8 e2 54. c3 Kf2 55.
Rf8+ Kg2 56. Re8 Kf3 57. Kc2 Rxb5 58. c4 Rb7 59. Rf8+ Ke3 60. Re8+ Kf2 61. Rf8+ Ke1 62. c5 Rb4 63. Kd3 Rb3+ 64. Kc2 Re3 65. c6 Re6 66. Rc8 Kf2 67. c7 Rc6+ 68. Kb3 e1=Q 69. Rf8+ Kg2 70. c8=Q Rxc8 71. Rxc8 Qb1+ 72. Ka3 Kf3 73.
Rc3+ Ke4 74. Rb3 Qa1+ 75. Kb4 Kd4 76. Ra3 Qe1+ 77. Kb3 Qb1+ 78. Ka4 Kc4 79. Rh3 Qb4# 0-1

[Event "*** Titled Tuesday Blitz"]
[Site "Chess.com"]
[Date "2020.05.05"]
[Round "1"]
[White "pooh2012"]
[Black "Michaelson_11"]
[Result "1-0"]
[WhiteElo "2481"]
[BlackElo "1994"]
[TimeControl "180+1"]
[EndTime "10:09:21 PDT"]
[Termination "pooh2012 won by checkmate"]

1. e4 c5 2. Nf3 Nc6 3. Bb5 g6 4. Bxc6 dxc6 5. h3 Bg7 6. d3 Nf6 7. O-O Nd7 8. Nc3 e5 9. a4 a5 10. Nd2 b6 11. Nc4 Nf8 12. f4 exf4 13. Bxf4 Ne6 14.
Nd6+ Ke7 15. Nxf7 Qd4+ 16. Kh1 Nxf4 17. Rxf4 Bf6 18. Nxh8 Be6 19. Ne2 Qe3 20. Nxg6+ hxg6 21. Qf1 Be5 22. Rf3 Qh6 23. c3 Rh8 24. d4 cxd4 25.
cxd4 Bd6 26. e5 Bc7 27. Nf4 Bf5 28. Rc1 Be4 29. Rg3 g5 30. Ne2 Rf8 31. Qe1 Qh4 32.
Re3 Bd5 33. Qxh4 gxh4 34. Nc3 Ke6 35. Nxd5 Kxd5 36. Rd1 Rf2 37. b3 Ke6 38. Rf3 Rb2 39. Rc1 Kd5 40. Rfc3 c5 41. dxc5 Bxe5 42. Rd3+ Kc6 43.
cxb6+ Kxb6 44. Re1 Bg3 45. Red1 Kb7 46. Kg1 Kc6 47. Rf3 Kc5 48. Kf1 Kb4 49. Rd4+ Ka3 50. Rdd3 Ka2 51. Rxg3 hxg3 52. Rxg3 Rb1+ 53. Kf2 Rb2+ 54.
Kg1 Rb1+ 55. Kh2 Rxb3 56. Rg5 Ka3 57. Rxa5 Rd3 58. Ra8 Rd2 59. h4 Kb4 60. h5 Kc5 61. Kh3 Rd7 62. g4 Kd5 63. Kh4 Ke5 64. a5 Kf4 65.
Rf8+ Ke4 66. a6 Ra7 67. Rf6 Ke5 68. Kg5 Rg7+ 69. Rg6 Rh7 70. h6 Kd5 71. Rg7 Rh8 72. Kg6 Ke6 73. h7 Ra8 74. Rg8 Rxa6 75. h8=Q Kd5+ 76. Kg5 Ke4 77. Re8+ Kf3 78. Qc3+ Kg2 79. Re2+ Kf1 80. Qf3+ Kg1 81. Qg2# 1-0

[Event "*** Titled Tuesday Blitz"]
[Site "Chess.com"]
[Date "2020.05.05"]
[Round "1"]
[White "praveenb2002"]
[Black "grunbergmihai"]
[Result "1-0"]
[WhiteElo "2736"]
[BlackElo "2383"]
[TimeControl "180+1"]
[EndTime "10:09:24 PDT"]
[Termination "praveenb2002 won by resignation"]

1. f3 d5 2. Kf2 e5 3. Kg3 Be7 4. Kf2 c5 5. e3 Nc6 6. Ne2 f5 7.
g3 e4 8. Bg2 Nf6 9. d4 O-O 10.
Rf1 exf3 11. Bxf3 Ne4+ 12. Kg1 Qb6 13. Nbc3 Be6 14. Nf4 cxd4 15. Nxe6 dxc3 16. Nxf8 cxb2 17. Qxd5+ Kxf8 18. Bxb2 Qxe3+ 19. Kg2 Qd2+ 20. Qxd2 Nxd2 21. Bxc6 Nxf1 22. Bxb7 Rb8 23. Rxf1 g6 24. Bd5 Rxb2 25. Bb3 a5 26. a4 Kg7 27. g4 Kf6 28. gxf5 gxf5 29.
Kf3 Bd6 30. h3 f4 31. Ke4 Kg5 32. Rd1 Bb4 33. Kf3 Kh4 34. Kg2 h5 35. Kf3 Bc3 36.
Kxf4 Bb4 37. Kf3 Bc3 38. Kg2 Kg5 39. Kg3 h4+ 40. Kf3 Bf6 41. Ke4 Kg6 42. Rg1+ Kh6 43. Kf5 Bd4 44. Rd1 Bf2 45. Ke4 Bg3 46. Kd4 Kg5 47.
Rf1 Kg6 48. Kc4 Bd6 49. Re1 Bb4 50. Rg1+ Kf5 51. Kd3 Kf4 52. Ke2 Kf5 53. Kf3 Be7 54. Rd1 Bb4 55. Ke3 Bc5+ 56. Kd3 Bb4 57. Rf1+ Ke5 58.
Ke3 Bc5+ 59. Kf3 Bb4 60. Kg4 Be7 61. Re1+ Kd6 62. Kf5 Kd7 63. Rd1+ Ke8 64. Ke6 Bb4 65. Rg1 Kd8 66. Kd5 Ke7 67. Ke5 Bc3+ 68. Kf5 Bb4 69.
Rf1 Bc3 70. Ke4 Bb4 71. Kf4 Kd6 72. Kg4 Ke5 73. Kxh4 Ke4 74. Kg4 Ke3 75. h4 Kd2 76. h5 Rxb3 77. cxb3 Kc3 78. Rf3+ Kb2 79. h6 1-0

[Event "*** Titled Tuesday Blitz"]
[Site "Chess.com"]
[Date "2020.05.05"]
[Round "1"]
[White "GianmarcoVaR"]
[Black "ViktoriyaTarasova"]
[Result "1-0"]
[WhiteElo "2535"]
[BlackElo "2184"]
[TimeControl "180+1"]
[EndTime "10:09:27 PDT"]
[Termination "GianmarcoVaR won by resignation"]

1. d4 Nf6 2. c4 e6 3. Nf3 b6 4. g3 Bb7 5. Bg2 Bb4+ 6. Bd2 Bxd2+ 7. Qxd2 O-O 8. O-O d6 9. Nc3 Nbd7 10. Qc2 d5 11.
cxd5 exd5 12. Rac1 a6 13. e3 Rc8 14. Rfd1 Qe7 15. Ne1 Rfe8 16. Nd3 Ne4 17. Nf4 Nxc3 18. bxc3 c6 19. c4 Nf6 20. Qb3 g5 21. Nd3 dxc4 22. Rxc4 c5 23. Qxb6 Bxg2 24. Kxg2 Nd5 25.
Qb1 Qe4+ 26. Kg1 cxd4 27. Rxd4 Qe6 28. Qb3 Nc3 29. Qxe6 Rxe6 30. Rd2 Ne4 31. Rb2 f5 32. Kg2 Rec6 33. g4 Rc2 34. gxf5 Rxb2 35. Nxb2 Nxf2 36. Kxf2 Rc2+ 37. Kg3 Rxb2 38. Ra4 Rb6 39. Kg4 h6 40. e4 Kf7 41. e5 Rb5 42. Rxa6 Rxe5 43. Rxh6 Re4+ 44.
Kxg5 Re2 45. a4 Rg2+ 46. Kf4 Rf2+ 47. Kg4 Rg2+ 48. Kf3 Ra2 49. Ra6 Ra3+ 50. Kf4 Ra2 51. h4 Rf2+ 52. Kg4 Rg2+ 53. Kf3 Rh2 54. Kg3 Ra2 55. h5 Ra3+ 56. Kf4 Ra1 57. h6 Rh1 58. a5 Rf1+ 59. Kg4 Rg1+ 60. Kh3 Rh1+ 61. Kg2 Ra1 62. Ra7+ Kf6 63. h7 Ra2+ 64. Kg3 Ra3+ 65. Kf4 Ra4+ 66.
Ke3 Ra3+ 67. Ke4 Ra4+ 68. Kd5 Rh4 69. a6 Kxf5 70. Rb7 Rh1 71. a7 Rd1+ 72. Kc6 Rc1+ 73. Kd7 Rd1+ 74. Kc8 Rc1+ 75. Rc7 Rh1 76. a8=Q Kf6 77.
Kb7 Rb1+ 78. Kc8 Re1 79. Qc6+ Kg5 80. Qg2+ Kf5 81. Qf2+ Kg6 82. Qxe1 1-0